 Dungeon Crawl Stone Soup version 0.29-a0-911-g88e6f02907 (webtiles) character file.

Game seed: 5719477325711298195

105 greasedhog the Cudgeller (level 4, 0/28 HPs)
             Began as a Gargoyle Monk on July 26, 2022.
             Slain by Natasha (2 damage)
             ... on level 2 of the Dungeon.
             The game lasted 00:03:52 (1976 turns).

greasedhog the Cudgeller (Gargoyle Monk)            Turns: 1976, Time: 00:03:52

Health: 0/28       AC:  8    Str: 17    XL:     4   Next: 83%
Magic:  4/4        EV: 11    Int: 10    God:
Gold:   54         SH:  0    Dex: 12    Spells: 3/3 levels left

rFire   . . .      SeeInvis .   a - +0 mace
rCold   . . .      Faith    .   (no shield)
rNeg    + . .      Spirit   .   e - +0 ring mail
rPois   ∞          Reflect  .   (no helmet)
rElec   +          Harm     .   (no cloak)
rCorr   .          Rampage  .   (no gloves)
Will    .....                   (no boots)
Stlth   +.........              (no amulet)
HPRegen 0.09/turn               (no ring)
MPRegen 0.09/turn               (no ring)

@: slowed, very slow
A: sickness immunity, AC +3, negative energy resistance 1, electricity
resistance, torment resistance 1, petrification resistance
a: no special abilities


You were on level 2 of the Dungeon.
You visited 1 branch of the dungeon, and saw 2 of its levels.

You collected 54 gold pieces.

Inventory:

Hand Weapons
 a - a +0 mace (weapon)
Missiles
 h - 4 curare-tipped darts (quivered)
Armour
 b - a +0 robe
 e - a +0 ring mail (worn)
Potions
 d - 2 potions of might {unknown}
 f - a potion of curing {unknown}
 g - a potion of mutation {unknown}
 i - a potion of lignification {unknown}


   Skills:
 - Level 3.2 Fighting
 * Level 4.3 Maces & Flails
 * Level 3.5 Dodging
 - Level 2.1 Stealth


You had 3 spell levels left.
You didn't know any spells.
Your spell library contained the following spells:

 Spells                   Type           Power      Damage    Failure   Level
 Beastly Appendage        Tmut           0%         N/A       56%         1
 Wereblood                Tmut           0%         N/A       71%         2
 Spider Form              Tmut/Pois      0%         N/A       91%         3


Dungeon Overview and Level Annotations

Branches:
Dungeon (2/15)

Altars:
Wu Jian

Shops:
D:1 [

Annotations:
D:2 Natasha


Innate Abilities, Weirdness & Mutations

You are immune to sickness and miasma.
Your stone body is resilient. (AC +3)
You are immune to poison.
You resist negative energy. (rN+)
You are resistant to electric shocks. (rElec)
You are resistant to unholy torment.
You are immune to petrification.


Message History

You hit Natasha.
Natasha is moderately wounded.
Natasha barely misses you.
You barely miss Natasha.
Natasha is moderately wounded.
The adder hisses angrily.
Natasha howls an incantation.
Natasha's front paws start to glow.
Natasha closely misses you. Natasha claws you!
You hit Natasha.
Natasha is severely wounded.
Natasha closely misses you. Natasha claws you.
You barely miss Natasha.
Natasha is severely wounded.
Natasha barely misses you. Natasha claws you.
* * * LOW HITPOINT WARNING * * *
You closely miss Natasha.
Natasha is severely wounded.
Natasha casts a spell.
Natasha misses you.
You are confused.
You feel invigorated. Natasha closely misses you.
The white imp hits you but does no damage.
You bump into the rock wall.
Natasha casts a spell.
The white imp shouts, "Scamper away, thou frothy spur-galled measle!"
The white imp closely misses you. Natasha claws you.
The white imp gestures at you. The puff of frost hits you!
* * * LOW HITPOINT WARNING * * *
You bump into the rock wall.
You feel less invigorated.
You feel less confused. Natasha closely misses you.
The white imp gestures at you. The puff of frost hits you!
* * * LOW HITPOINT WARNING * * *
You hit Natasha but do no damage.
Natasha is severely wounded.
Natasha claws you.
You die...

#.# #.# #.#
#.# #.# #.#
#.# #.# #.#
#.# #†# #.#
#.# #.#
#######5# #.#
#..5Sh@.# #.#
......>#######
##.#######
#####.. #
#.........
......
...##..#######
......
#.......#####
..h....
####..#.#....
.......
#..#.#.###
....$..###
#.........
#.<..#
##......##


You could see Natasha, a crimson imp (summoned), an adder and a white imp
(summoned).

Vanquished Creatures
  Natasha (twice) (D:2)
  An adder (D:2)
  2 worms (D:2)
  2 dart slugs (D:1)
  4 endoplasms
  2 giant cockroaches
  4 hobgoblins (D:1)
  2 quokkas (D:2)
  2 ball pythons
  4 bats
  A frilled lizard (D:2)
  5 goblins (D:1)
  2 kobolds
  5 rats
38 creatures vanquished.

Notes
Turn   | Place    | Note
-------+----------+-------------------------------------------
     0 | D:1      | greasedhog the Gargoyle Monk began the quest for the Orb.
     0 | D:1      | Reached XP level 1. HP: 14/14 MP: 1/1
   213 | D:1      | Found a faded altar of an unknown god.
   243 | D:1      | Reached XP level 2. HP: 16/19 MP: 2/2
   757 | D:1      | Found Pokagampi's Armour Shop.
   908 | D:1      | Reached XP level 3. HP: 21/23 MP: 3/3
  1402 | D:2      | Noticed Natasha
  1441 | D:2      | Found an ornate altar of the Wu Jian Council.
  1452 | D:2      | Killed Natasha
  1453 | D:2      | Reached skill level 4 in Maces & Flails
  1453 | D:2      | Reached XP level 4. HP: 9/28 MP: 4/4
  1741 | D:2      | Noticed Natasha
  1788 | D:2      | Killed Natasha
  1960 | D:2      | Noticed Natasha
  1976 | D:2      | Slain by Natasha

Illustrated notes

Levels and vault maps discovered:
D:1:      minmay_arrival_doors, layout_loops_cross,
          ebering_ecumenical_altar_webs, serial_shops,
          nicolae_shop_advertising_works [nicolae_subvault_shop_adworks],
          minmay_curled_crystal, chequers_avenue, minmay_misc_feat_x,
          minmay_misc_feat_tower, minmay_tree_intersection
D:2:      layout_loops_ring, basic_altar, minmay_tiny_reverse_x, uniq_robin,
          uniq_natasha

Skill      XL: |  1  2  3 |
---------------+----------+-----
Dodging        | 3 |  3.5
Maces & Flails | 4 |  4.3
Fighting       | |  3.2
Stealth        | |  2.1

Action                   |  1- 3 |  4- 6 || total
-------------------------+-------+-------++-------
Melee: Mace              |   107 |    22 ||   129
       Punch             |     2 |       ||     2
  Use: Scroll            |     2 |     1 ||     3
       Potion            |       |     1 ||     1
Armor: Robe              |     4 |       ||     4
       Skin              |     2 |       ||     2
       Ring mail         |    36 |     5 ||    41
Dodge: Dodged            |    67 |    18 ||    85

Table legend: (Time is in decaauts)
 A = Elapsed time spent in this place.
 B = Non-inter-level travel time spent in this place.
 C = Inter-level travel time spent in this place.
 D = Time resting spent in this place.
 E = Time spent auto-exploring this place.
 F = Levels seen in this place.
 G = Mean time per level.
                   A        B        C        D        E       F      G
               +--------+--------+--------+--------+--------+-----+--------+
         Total |   2019 |   2002 |     17 |    214 |   1411 |   2 | 1009.5 |
       Dungeon |   2019 |   2002 |     17 |    214 |   1411 |   2 | 1009.5 |
               +--------+--------+--------+--------+--------+-----+--------+

Top non-repeatable levels by time:
     D:1: 1195 daAuts
     D:2: 823 daAuts
